 Dungeon Crawl Stone Soup version 0.28-a0-845-gfc338a8e3c (webtiles) character file.

Game seed: 16925735494280264506

597 Froggeryz the Cudgeller (level 7, -4/40 HPs)
             Began as a Gargoyle Enchanter on Nov 13, 2021.
             Was a Follower of Okawaru.
             Slain by a gnoll (7 damage)
             ... on level 6 of the Dungeon.
             The game lasted 00:07:17 (6328 turns).

Froggeryz the Cudgeller (Gargoyle Enchanter)        Turns: 6328, Time: 00:07:18

Health: -4/40      AC: 16    Str: 13    XL:     7   Next: 40%
Magic:  10/10      EV: 14    Int: 18    God:    Okawaru [*.....]
Gold:   165        SH:  4    Dex: 10    Spells: 10/10 levels left

rFire   . . .      SeeInvis .   g - +1 mace
rCold   . . .      Faith    .   r - +0 buckler
rNeg    + . .      Spirit   .   l - +0 ring mail
rPois   ∞          Reflect  .   f - +2 hat
rElec   +          Harm     .   (no cloak)
rCorr   .          Rampage  .   q - +0 pair of gloves
Will    .....                   d - +2 pair of boots {Stlth+}
Stlth   ++........              (no amulet)
HPRegen 0.13/turn               t - ring "Roeton" {EV+4 Int+2}
MPRegen 0.12/turn               s - ring of flight

@: flying
A: sickness immunity, AC +4, negative energy resistance 1, electricity
resistance, torment resistance 1, petrification resistance
a: Renounce Religion, Heroism


You were on level 6 of the Dungeon.
You worshipped Okawaru.
Okawaru was aware of your devotion.
You visited 2 branches of the dungeon, and saw 7 of its levels.

You collected 165 gold pieces.

Inventory:

Hand Weapons
 g - a +1 mace (weapon)
 i - a +2 hunting sling of flaming
Missiles
 b - 13 poisoned darts (quivered)
 j - 166 stones
 o - 5 boomerangs
 p - 30 sling bullets
Armour
 d - a +2 pair of boots of stealth (worn)
 f - a +2 hat (worn)
 l - a +0 ring mail (worn)
 q - a +0 pair of gloves (worn)
 r - a +0 buckler (worn)
Jewellery
 s - a ring of flight (right hand)
 t - the ring "Roeton" (left hand) {EV+4 Int+2}
   (You found it on level 5 of the Dungeon)

   [ring of evasion]

   EV:        It affects your evasion (+4).
   Int:       It affects your intelligence (+2).
Scrolls
 k - a scroll of magic mapping
 u - a scroll of fear {unknown}
Potions
 a - 2 potions of lignification {unknown}
 c - a potion of invisibility
 e - a potion of haste {unknown}
 h - 2 potions of heal wounds
 m - a potion of berserk rage
 n - a potion of might {unknown}


   Skills:
 - Level 2.1 Fighting
 - Level 0.8 Short Blades
 * Level 5.2 Maces & Flails
 - Level 3.0 Armour
 - Level 1.5 Dodging
 - Level 3.2 Stealth
 - Level 4.1 Shields
 - Level 2.0 Spellcasting
 - Level 2.6 Hexes


You had 10 spell levels left.
You didn't know any spells.
Your spell library contained the following spells:

 Spells                   Type           Power      Damage    Failure   Level
 Ensorcelled Hibernation  Hex/Ice        12%        N/A       32%         2
 Confusing Touch          Hex            11%        N/A       36%         3
 Dazzling Flash           Conj/Hex       12%        N/A       54%         3
 Stone Arrow              Conj/Erth      2%         3d7       73%         3
 Fireball                 Conj/Fire      0%         3d3       100%        5
 Starburst                Conj/Fire      0%         6d3       100%        6
 Ignition                 Fire           0%         3d3       100%        8
 Lehudib's Crystal Spear  Conj/Erth      0%         10d2      100%        8
 Tukima's Dance           Hex            Unusable   N/A       N/A         3
 Animate Armour           Summ/Erth      Unusable   N/A       N/A         4

Dungeon Overview and Level Annotations

Branches:
Dungeon (6/15)             Temple (1/1) D:5

Altars:
Ashenzari
Cheibriados
Dithmenos
Elyvilon
Fedhas
Gozag
Hepliaklqana
Kikubaaqudgha
Makhleb
Nemelex Xobeh
Okawaru
Qazlal
Ru
Sif Muna
Trog
Vehumet
Wu Jian
Yredelemnul
Zin
The Shining One

Shops:
D:3 (

Annotations:
D:2 1 runed translucent door, Crazy Yiuf
D:5 Grinder


Innate Abilities, Weirdness & Mutations

You are immune to sickness and miasma.
Your stone body is resilient. (AC +4)
You are immune to poison.
You resist negative energy. (rN+)
You are resistant to electric shocks. (rElec)
You are resistant to unholy torment.
You are immune to petrification.


Message History

You hit the gnoll sergeant but do no damage.
The gnoll sergeant is severely wounded.
The gnoll sergeant hits you with a +3 spear of freezing.
The gnoll sergeant freezes you. The gnoll barely misses you.
The gnoll sergeant hits you with a +3 spear of freezing!
The gnoll sergeant freezes you. The gnoll hits you with a +0 whip.
You closely miss the gnoll sergeant.
The gnoll sergeant is severely wounded.
The gnoll hits you but does no damage. The gnoll closely misses you.
The gnoll sergeant barely misses you.
You closely miss the gnoll sergeant.
The gnoll sergeant is severely wounded.
The gnoll hits you but does no damage. x2
The gnoll sergeant hits you with a +3 spear of freezing.
The gnoll sergeant freezes you.
You hit the gnoll sergeant but do no damage.
The gnoll sergeant is severely wounded.
The gnoll hits you from afar with a +0 spear.
The gnoll throws a stone.
The stone hits you but does no damage. The gnoll hits you but does no damage.
The gnoll sergeant barely misses you.
You hit the gnoll sergeant but do no damage.
The gnoll sergeant is severely wounded.
You block the gnoll's attack. The gnoll hits you with a +0 whip.
The gnoll sergeant hits you but does no damage.
You hit the gnoll sergeant.
The gnoll sergeant is almost dead.
The gnoll hits you but does no damage. x2
The gnoll sergeant hits you but does no damage.
The gnoll hits you with a +0 flail.
* * * LOW HITPOINT WARNING * * *
The gnoll misses you.
You barely miss the gnoll sergeant.
The gnoll sergeant is almost dead.
The gnoll barely misses you.
The gnoll sergeant hits you with a +3 spear of freezing.
* * * LOW HITPOINT WARNING * * *
The gnoll sergeant freezes you.
* * * LOW HITPOINT WARNING * * *
The gnoll hits you with a +0 flail!
You die...

...######
#.#..#...
##.##...#
#.#..#.g
#.##.#.###
#.#..#..
#.##.....#
#.#..#.#
##.##.###.#
#....#.#
...##.#
#.####....#(# #
.#....#
#...........#.#
.#.####
######..ggg...#
##.# ##.@g...##
..# #.>#.......
####
#....#####.
#..#.# ####.#
#.. ##. .#


You could see a gnoll sergeant and 3 gnolls.

Vanquished Creatures
  A necrophage (D:6)
  A black bear (D:5)
  A water moccasin zombie (D:6)
  2 jellies (D:2)
  2 hounds (D:5)
  A centaur skeleton (D:3)
  Terence (D:2)
  A scorpion zombie (D:5)
  4 adders
  A shadow imp (D:4)
  A white imp (D:6)
  A worm (D:3)
  3 dart slugs
  4 orcs
  8 ball pythons
  5 bats
  16 endoplasms
  2 giant cockroaches
  6 hobgoblins
  2 jackals (D:1)
  4 quokkas
  12 frilled lizards
  16 goblins
  16 kobolds
  5 rats
  A spectral hobgoblin (D:1)
117 creatures vanquished.

Vanquished Creatures (others)
  4 fungi (D:2)
  8 plants (D:2)
  7 toadstools (D:2)
19 creatures vanquished.

Grand Total: 136 creatures vanquished

Notes
Turn   | Place    | Note
-------+----------+-------------------------------------------
     0 | D:1      | Froggeryz the Gargoyle Enchanter began the quest for the
                  | Orb.
     0 | D:1      | Reached XP level 1. HP: 10/10 MP: 3/3
    78 | D:1      | Reached skill level 1 in Fighting
    78 | D:1      | Reached skill level 1 in Armour
    78 | D:1      | Reached XP level 2. HP: 16/16 MP: 5/5
   315 | D:1      | Found a faded altar of an unknown god.
   578 | D:1      | Reached skill level 1 in Maces & Flails
   740 | D:2      | Reached XP level 3. HP: 20/20 MP: 6/6
  1545 | D:3      | Reached skill level 2 in Maces & Flails
  1650 | D:2      | Reached XP level 4. HP: 16/25 MP: 7/7
  1948 | D:2      | Reached skill level 3 in Maces & Flails
  1948 | D:2      | Reached XP level 5. HP: 29/29 MP: 8/8
  2358 | D:2      | Noticed Terence
  2649 | D:2      | Killed Terence
  2753 | D:2      | Found a runed translucent door.
  2754 | D:2      | Noticed Crazy Yiuf
  3203 | D:3      | Reached skill level 4 in Maces & Flails
  3287 | D:3      | Found Folefuotz's Weapon Shoppe.
  3648 | D:3      | Reached XP level 6. HP: 35/35 MP: 9/9
  4538 | D:5      | Entered Level 5 of the Dungeon
  4655 | D:5      | Noticed Grinder
  4842 | D:5      | Found a staircase to the Ecumenical Temple.
  4945 | Temple   | Entered the Ecumenical Temple
  5008 | Temple   | Became a worshipper of Warmaster Okawaru
  5155 | D:5      | Reached skill level 1 in Shields
  5225 | D:5      | Identified the ring "Roeton" {EV+4 Int+2}
  5547 | D:5      | Noticed a black bear
  5565 | D:5      | Killed a black bear
  5566 | D:5      | Reached XP level 7. HP: 16/40 MP: 10/10
  6048 | D:6      | Reached skill level 5 in Maces & Flails
  6208 | D:6      | Reached * piety under Okawaru
  6328 | D:6      | Slain by a gnoll

Illustrated notes

Levels and vault maps discovered:
D:1:      nicolae_arrival_washed_ashore, layout_loops_cross,
          dreamdust_ecumenical_altar_drowned_temple, chequers_garden,
          minmay_pentomino_w2
D:2:      cheibrodos_fertilizer, layout_basic, minmay_lizard_king,
          uniq_crazy_yiuf_cottage, uniq_terence
D:3:      layout_basic, serial_shops, nicolae_shop_stone, minmay_goblin_outpost
D:4:      layout_cave_pods
D:5:      layout_layer_cave, temple_statues, chequers_hall_statues_y,
          uniq_grinder
D:6:      layout_basic
Temple:   compressed_dpeg_circular_temple

Skill      XL: |  1  2  3  4  5  6  7 |
---------------+----------------------+-----
Fighting       | 1 2 |  2.1
Armour         | 1 2 3 |  3.0
Maces & Flails | 1 2 3 4 5 |  5.2
Shields        | 3 4 |  4.1
Short Blades   | |  0.8
Dodging        | |  1.5
Stealth        | |  3.2
Spellcasting   | |  2.0
Hexes          | |  2.6

Action                   |  1- 3 |  4- 6 |  7- 9 || total
-------------------------+-------+-------+-------++-------
Melee: Dagger            |    24 |       |       ||    24
       Mace              |   121 |   159 |    44 ||   324
 Fire: Hunting sling     |     5 |    41 |    11 ||    57
Throw: Boomerang         |       |     3 |       ||     3
  Use: Scroll            |       |     4 |       ||     4
 Stab: Sleeping          |    12 |     9 |     1 ||    22
Armor: Robe              |    81 |     4 |       ||    85
       Ring mail         |       |    86 |    25 ||   111
Dodge: Dodged            |   119 |   105 |    31 ||   255
Block: Buckler           |       |       |     3 ||     3

Table legend: (Time is in decaauts)
 A = Elapsed time spent in this place.
 B = Non-inter-level travel time spent in this place.
 C = Inter-level travel time spent in this place.
 D = Time resting spent in this place.
 E = Time spent auto-exploring this place.
 F = Levels seen in this place.
 G = Mean time per level.
                   A        B        C        D        E       F      G
               +--------+--------+--------+--------+--------+-----+--------+
         Total |   6419 |   6036 |    383 |    981 |   3907 |   7 |  917.0 |
       Dungeon |   6324 |   5977 |    347 |    981 |   3866 |   6 | 1054.0 |
        Temple |     94 |     58 |     36 |      0 |     41 |   1 |   94.0 |
               +--------+--------+--------+--------+--------+-----+--------+

Top non-repeatable levels by time:
     D:2: 1849 daAuts
     D:5: 1399 daAuts
     D:3: 1058 daAuts
     D:4: 871 daAuts
     D:1: 837 daAuts
     D:6: 307 daAuts
  Temple: 94 daAuts
